 Dungeon Crawl Stone Soup version 0.20.0-4-g10b340a (webtiles) character file.

438 Kisielow the Chopper (level 7, -2/60 HPs)
             Began as a Hill Orc Fighter on May 27, 2017.
             Was an Initiate of Okawaru.
             Slain by Edmund
             ... wielding a +3 dire flail of holy wrath
              (10 damage)
             ... on level 4 of the Dungeon.
             The game lasted 00:04:38 (3030 turns).

Kisielow the Chopper (Hill Orc Fighter)             Turns: 3030, Time: 00:04:38

Health: -2/60      AC:  7    Str: 21    XL:     7   Next: 1%
Magic:  7/7        EV:  7    Int:  8    God:    Okawaru [......]
Gold:   268        SH:  9    Dex: 10    Spells: 6/6 levels left

rFire    + . .     SeeInvis .   a - +0 war axe
rCold    x . .     Gourm    .   c - +0 shield
rNeg     . . .     Faith    .   b - +0 scale mail
rPois    .         Spirit   .   (no helmet)
rElec    .         Reflect  .   (no cloak)
rCorr    .         Harm     .   (no gloves)
MR       .....                  (no boots)
Stlth    ..........             (no amulet)
Regen    0.2/turn               o - ring of fire
MPRegen  0.1/turn               (no ring)

@: no status effects
A: no striking features
a: Renounce Religion, Convert to Beogh


You were on level 4 of the Dungeon.
You worshipped Okawaru.
Okawaru was noncommittal.
You were very hungry.

You visited 2 branches of the dungeon, and saw 5 of its levels.

You collected 268 gold pieces.

Inventory:

Hand Weapons
 a - a +0 war axe (weapon)
Armour
 b - a +0 scale mail (worn)
 c - a +0 shield (worn)
Jewellery
 o - a ring of fire (left hand)
Wands
 e - a wand of acid (8/15)
Scrolls
 g - a scroll of remove curse
 h - 2 scrolls of identify
 i - a scroll of immolation {unknown}
 k - a scroll of magic mapping
 m - a scroll of recharging
 n - a scroll of teleportation
Potions
 d - a potion of might
 j - a potion of mutation {unknown}
 p - a potion of resistance {unknown}
 q - 2 potions of heal wounds {unknown}
 r - a potion of flight {unknown}
 s - 3 potions of lignification
 u - a potion of magic {unknown}
Comestibles
 f - 3 bread rations
 l - a meat ration
 t - 4 fruits


   Skills:
 + Level 4.8 Fighting
 * Level 7.2 Axes
 + Level 4.5 Armour
 + Level 4.4 Shields


You had 6 spell levels left.
You didn't know any spells.

Dungeon Overview and Level Annotations

Branches:
Dungeon (4/15)             Temple (1/1) D:4

Altars:
Ashenzari
Cheibriados
Dithmenos
Elyvilon
Fedhas
Gozag
Hepliaklqana
Kikubaaqudgha
Makhleb
Nemelex Xobeh
Okawaru
Qazlal
Ru
Sif Muna
Trog
Uskayaw
Vehumet
Xom
Yredelemnul
Zin
The Shining One

Shops:
D:4 (

Annotations:
D:4 Edmund


Message History

You block Edmund's attack.
The orc priest invokes the aid of Beogh against you.
Beogh smites you!
* * * LOW HITPOINT WARNING * * *
You hit Edmund.
Edmund is moderately wounded.
Edmund hits you with a dire flail of holy wrath.
* * * LOW HITPOINT WARNING * * *
Unknown command.
Your shield prevents you from hitting Edmund.
Edmund is moderately wounded.
The orc priest casts a cantrip, but nothing happens.
You block Edmund's attack.
You slash Edmund!
Edmund is heavily wounded.
You block Edmund's attack.
You slash Edmund!
Edmund is almost dead.
Edmund hits you with a dire flail of holy wrath!
You die...

,,..#.#.#.#,**,,,,,,,,,*,,,,,,,,#
###*#.#,#,#,**....[.,,,*,,,,,,,,#
...,..#,*,*,,,.....,,,,*,,,,,,,,.
#######,*,****#....,****,,,,,,,,.
,,..# *,*,,,,,*...,,* ******,,,.
###.# *,*,,,,,,.o.,,* ****# ..#.#
*,*,,,,,*#o#*,* #.#.#
*,**######@##,* #.#.###.#
#....)@.#.# ........# #.......#.#
..#.##### #.....?.#.# ###.#
#.......#.### #.# #...........#
#.############......#
###...........,#......#
.#####...####*,#......#
.#####....# *,#.##'#########


You could see Edmund, an orc priest and an orc wizard.

Vanquished Creatures
  An ogre (D:4)
  2 scorpions (D:4)
  An orc priest (D:4)
  2 hounds (D:4)
  Natasha (D:3)
  An orc wizard (D:4)
  A worker ant (D:4)
  3 adders
  An ooze (D:2)
  A dart slug (D:2)
  2 leopard geckos (D:2)
  5 orcs
  6 bats
  5 giant cockroaches
  4 goblins
  5 hobgoblins
  2 jackals (D:3)
  A quokka (D:3)
  A ball python (D:3)
  5 frilled lizards
  6 kobolds
  5 rats
61 creatures vanquished.

Notes
Turn   | Place    | Note
-------+----------+-------------------------------------------
     0 | D:1      | Kisielow the Hill Orc Fighter began the quest for the Orb.
     0 | D:1      | Reached XP level 1. HP: 19/19 MP: 1/1
    50 | D:1      | Reached skill level 3 in Axes
   115 | D:1      | Reached XP level 2. HP: 23/26 MP: 2/2
   256 | D:1      | Reached skill level 4 in Axes
   599 | D:2      | Found a stormy altar of Qazlal.
   720 | D:2      | Reached XP level 3. HP: 20/31 MP: 3/3
  1095 | D:2      | Reached skill level 5 in Axes
  1119 | D:2      | Found a faded altar of an unknown god.
  1526 | D:3      | Reached XP level 4. HP: 29/39 MP: 4/4
  1895 | D:3      | Noticed Natasha
  1905 | D:3      | Killed Natasha
  2250 | D:4      | Reached XP level 5. HP: 45/46 MP: 5/5
  2288 | D:4      | Reached skill level 6 in Axes
  2303 | D:4      | Noticed an ogre
  2313 | D:4      | Killed an ogre
  2313 | D:4      | Reached XP level 6. HP: 30/53 MP: 6/6
  2340 | D:4      | Found a staircase to the Ecumenical Temple.
  2369 | Temple   | Entered the Ecumenical Temple
  2773 | Temple   | Became a worshipper of Warmaster Okawaru
  2860 | D:4      | Found a burning altar of Makhleb.
  3012 | D:4      | Found Duenapyt's Weapon Emporium.
  3015 | D:4      | Noticed Edmund
  3022 | D:4      | Reached skill level 7 in Axes
  3023 | D:4      | Reached XP level 7. HP: 26/60 MP: 7/7
  3030 | D:4      | Slain by Edmund

Skill      XL: |  1  2  3  4  5  6 |
---------------+-------------------+-----
Axes           | 3 4 5 6 7 |  7.2
Fighting       | 4 |  4.8
Armour         | 4 |  4.5
Shields        | 4 |  4.4

Action                   |  1- 3 |  4- 6 |  7- 9 || total
-------------------------+-------+-------+-------++-------
Melee: War axe           |   122 |   119 |     7 ||   248
  Use: Scroll            |       |     7 |       ||     7
  Eat: Chunk             |     2 |     4 |       ||     6
Armor: Scale mail        |    54 |    41 |       ||    95
Dodge: Dodged            |    36 |    41 |     1 ||    78
Block: Shield            |    58 |    68 |     4 ||   130
